 Dungeon Crawl Stone Soup version 0.19.1 (webtiles) character file.

196 ChaseSP the Chopper (level 5, 0/45 HPs)
             Began as a Hill Orc Fighter on Nov 30, 2016.
             Killed by nerve-wracking pain
             ... invoked by Grinder
              (8 damage)
             ... on level 3 of the Dungeon.
             The game lasted 00:04:59 (2418 turns).

ChaseSP the Chopper (Hill Orc Fighter)              Turns: 2418, Time: 00:05:00

Health: 0/45       AC: 10    Str: 19    XL:     5   Next: 74%
Magic:  5/5        EV:  7    Int:  8    God:
Gold:   175        SH:  9    Dex: 11    Spells: 0 memorised, 4 levels left

rFire  . . .     SeeInvis .     a - +0 war axe
rCold  . . .     Gourm    .     b - +0 scale mail
rNeg   . . .     Faith    .     c - +0 shield
rPois  .         Spirit   .     o - +2 helmet
rElec  .         Reflect  .     (no cloak)
rCorr  .         Harm     .     (no gloves)
MR     .....                    (no boots)
Stlth  ..........               (no amulet)
                                (no ring)
                                (no ring)

@: no status effects
A: no striking features
a: no special abilities


You were on level 3 of the Dungeon.
You were not hungry.

You visited 1 branch of the dungeon, and saw 3 of its levels.

You collected 175 gold pieces.

Inventory:

Hand Weapons
 a - a +0 war axe (weapon)
Armour
 b - a +0 scale mail (worn)
 c - a +0 shield (worn)
 o - a +2 helmet (worn)
Scrolls
 i - a scroll of random uselessness {unknown}
 k - 2 scrolls of remove curse {unknown}
 l - a scroll of identify {unknown}
 m - a scroll of blinking {unknown}
 p - 2 scrolls of magic mapping {unknown}
 r - a scroll of teleportation {unknown}
Potions
 d - 2 potions of might
 e - a potion of lignification {unknown}
 g - 2 potions of agility {unknown}
 j - a potion of flight {unknown}
 s - a potion of berserk rage {unknown}
Comestibles
 f - 3 bread rations
 h - 4 meat rations
 n - a slice of pizza
 q - a chunk of flesh


   Skills:
 - Level 3.6 Fighting
 + Level 7.6 Axes
 - Level 3.2 Armour
 - Level 3.2 Shields


You had 4 spell levels left.
You didn't know any spells.

Dungeon Overview and Level Annotations

Branches:
Dungeon (3/15)

Altars:

Annotations:
D:3 Grinder


Message History

You closely miss Grinder.
Grinder is almost dead.
Grinder gestures at you.
You shrug off the repeated paralysis!
You hit Grinder but do no damage.
Grinder is almost dead.
Grinder blinks!
Your shield and scale mail prevent you from hitting Grinder.
Grinder is almost dead.
Grinder blinks!
Grinder gestures at you.
You suddenly lose the ability to move!
You can move again.
Grinder says, "There's only one good use for a tongue: cutting it out."
Grinder gestures at you.
You shrug off the repeated paralysis!
Unknown command.
Grinder gestures at you. Pain shoots through your body!
You die...

..# ##.######### #
#.###..........#
#.##..)#########.#####
#.#......## #.....#
#.P..5.#..### ######.##
#..8........# #........
##....#.....###.#####..
#...8.#.........#####..
#.#####@.........#......
#. #........(.#.###.#
#.##.......# ##..
#..###......# #... ..#.#
..$....# #.#. ###.#
.####.## #.#. #.#
#...... #.# ####.## #.#


You could see Grinder.

Vanquished Creatures
  Jessica (D:2)
  Natasha (thrice) (D:2)
  A howler monkey skeleton (D:3)
  2 adders (D:2)
  2 adder zombies (D:3)
  2 worms (D:2)
  A dart slug (D:1)
  2 orcs (D:3)
  2 giant cockroaches
  13 goblins
  5 hobgoblins
  A quokka (D:3)
  3 bats
  2 frilled lizards
  9 kobolds
  A leopard gecko zombie (D:3)
  3 rats (D:1)
53 creatures vanquished.

Notes
Turn   | Place    | Note
-------+----------+-------------------------------------------
     0 | D:1      | ChaseSP the Hill Orc Fighter began the quest for the Orb.
     0 | D:1      | Reached XP level 1. HP: 19/19 MP: 1/1
     0 | D:1      | Noticed a vampire
     0 | D:1      | Noticed a felid
     0 | D:1      | Noticed a vine stalker
     2 | D:1      | Noticed a formicid
     4 | D:1      | Noticed a draconian
     5 | D:1      | Noticed a draconian
     6 | D:1      | Noticed a formicid
     7 | D:1      | Noticed a troll
     8 | D:1      | Noticed a ghoul
    10 | D:1      | Noticed a centaur
    12 | D:1      | Noticed a minotaur
    12 | D:1      | Noticed a draconian
    16 | D:1      | Noticed a troll
    16 | D:1      | Noticed a naga
    16 | D:1      | Noticed an elf
    40 | D:1      | Reached skill level 3 in Axes
   155 | D:1      | Reached XP level 2. HP: 23/26 MP: 2/2
   400 | D:1      | Reached skill level 4 in Axes
   865 | D:2      | Noticed Natasha
   868 | D:2      | Killed Natasha
   868 | D:2      | Reached skill level 5 in Axes
   868 | D:2      | Reached XP level 3. HP: 28/31 MP: 3/3
   938 | D:2      | Noticed Jessica
   950 | D:2      | Killed Jessica
   950 | D:2      | Reached XP level 4. HP: 37/39 MP: 4/4
  1047 | D:2      | Reached skill level 6 in Axes
  1111 | D:2      | Noticed Natasha
  1125 | D:2      | Killed Natasha
  1424 | D:2      | Noticed Natasha
  1431 | D:2      | Killed Natasha
  1431 | D:2      | Reached XP level 5. HP: 23/45 MP: 5/5
  1635 | D:2      | Reached skill level 7 in Axes
  2388 | D:3      | Noticed Grinder
  2402 | D:3      | Paralysed by Grinder for 6 turns
  2412 | D:3      | Paralysed by Grinder for 3 turns
  2418 | D:3      | Killed from afar by Grinder

Skill      XL: |  1  2  3  4  5 |
---------------+----------------+-----
Axes           | 3 5 6 7 |  7.6
Fighting       | |  3.6
Armour         | |  3.2
Shields        | |  3.2

Action                   |  1- 3 |  4- 6 || total
-------------------------+-------+-------++-------
Melee: War axe           |    55 |   139 ||   194
  Use: Potion            |       |     1 ||     1
  Eat: Chunk             |       |     5 ||     5
Armor: Scale mail        |    19 |    49 ||    68
Dodge: Dodged            |    13 |    30 ||    43
Block: Shield            |    29 |    68 ||    97
